AoeStats
← aacar6135

Arena

509703020Analyzed
1v1 RM · 6d ago on Sep 27, 2026· 40m 26s· 2 players
Game mode
Random Map
Map size
Tiny (2 player)
Population
200
Speed
Normal
Resources
Standard
Victory
Conquest
Starting age
Dark Age
Ending age
Imperial Age
RankedLock teamsTeams togetherTeam positionsShared explorationLock speedFull tech treeHidden civsTurbo modeCheats
Victory
Defeat
🇹🇷 Persians · Türkiye
711
+16
🇺🇸 Goths · United States
714
-16
aacar6135
10:35 Feudal Age
11:22 Double-Bit Axe
20:11 Castle Age
18:43 Forging
18:23 Fletching
18:26 Horse Collar
19:13 Gold Mining
19:16 Stone Mining
25:41 Iron Casting
29:00 Heavy Plow
30:04 Gold Shaft Mining
30:08 Stone Shaft Mining
32:06 Imperial Age
29:55 Kamandaran
29:54 Bodkin Arrow
30:25 Ballistics
30:31 Heated Shot
30:52 Masonry
31:32 Bow Saw
31:00 Crossbowman
31:58 Thumb Ring
33:22 Blast Furnace
32:35 Citadels
32:47 Conscription
34:02 Two-Man Saw
33:36 Elite Skirmisher
35:38 Wheelbarrow
35:41 Crop Rotation
38:40 Chemistry
miniallan
7:24 Loom
10:10 Feudal Age
12:13 Double-Bit Axe
13:10 Man-at-Arms
22:31 Castle Age
22:43 Elite Skirmisher
23:00 Pikeman
23:04 Long Swordsman
25:19 Scale Mail Armor
25:25 Scale Barding Armor
28:50 Anarchy
30:35 Gold Mining
33:23 Imperial Age
Connection lost

Rejoining the realm…

Still unreachable

The connection could not be restored.

Session expired

The server has moved on; the page needs a fresh start.